 Dungeon Sprint DCSS version 0.21.1-1-g345015f (webtiles) character file.

105626 Psiloshibe the Slayer (level 16, -17/157 HPs)
             Began as a Barachi Berserker on June 9, 2018.
             Was the Champion of Trog.
             Killed from afar by Margery (62 damage)
             ... with a fireball
             ... in the Dungeon (Sprint IX: "|||||||||||||||||||||||||||||").
             The game lasted 00:31:15 (4454 turns).

Psiloshibe the Slayer (Barachi Berserker)           Turns: 4454, Time: 00:31:16

Health: -17/157    AC: 35    Str: 26    XL:     16   Next: 41%
Magic:  28/28      EV: 14    Int:  9    God:    Trog [******]
Gold:   884        SH:  0    Dex: 23    Spells: 16/16 levels left

rFire    . . .     SeeInvis .   a - +11 great sword "Quhonn" {venom, +Rage rElec Dex+5}
rCold    . . .     Gourm    .   (shield currently unavailable)
rNeg     . . .     Faith    .   J - +10 plate armour of Reason {Dex+2}
rPois    .         Spirit   .   s - +1 hat
rElec    +         Reflect  .   H - +1 cloak
rCorr    .         Harm     .   (no gloves)
MR       +++..     NoTele   +   o - +0 pair of boots
Stlth    ..........             c - amulet of regeneration
HPRegen  1.76/turn              j - +3 ring of strength
MPRegen  0.21/turn              q - +3 ring of strength

@: regenerating, slow
A: +LOS, swims, slowness 1, strong legs 2
a: Hop, Berserk, Trog's Hand, Brothers in Arms, Burn Spellbooks, Renounce
Religion, Evoke Berserk Rage


You were in the Dungeon.
You worshipped Trog.
Trog was exalted by your worship.
You were not hungry.

You visited 1 branch You collected 1924 gold pieces.
You spent 1040 gold pieces at shops.

Inventory:

Hand Weapons
 a - the +11 great sword "Quhonn" (weapon) {venom, +Rage rElec Dex+5}
   (Trog gifted it to you in the Dungeon)

   It poisons the flesh of those it strikes.
   It affects your dexterity (+5).
   It insulates you from electricity.
   It lets you go berserk.
 b - a +2 blowgun
 r - a +6 double sword of holy wrath
 v - a +2 scimitar of flaming
 E - the +6 double sword of Reinforcement {speed, rElec Str+2 Dex+4}
   (Trog gifted it to you in the Dungeon)

   Attacks with this weapon are significantly faster.
   It affects your strength (+2).
   It affects your dexterity (+4).
   It insulates you from electricity.
 S - a +4 antimagic demon blade
Missiles
 x - 18 tomahawks of returning
 y - 9 javelins of returning
 B - 2 throwing nets
 C - 5 poisoned tomahawks
 D - 10 steel javelins
 N - 7 poisoned javelins
 P - 6 tomahawks of dispersal
 T - 10 curare-tipped needles
 U - 21 needles of sleeping
 V - 4 needles of confusion
 X - 2 javelins of penetration
 Y - 10 silver javelins (quivered)
Armour
 o - a +0 pair of boots (worn)
 s - a +1 hat (worn)
 H - a +1 cloak (worn)
 J - the +10 plate armour of Reason (worn) {Dex+2}
   (You found it in the Dungeon)

   It affects your dexterity (+2).
Jewellery
 c - an amulet of regeneration (around neck)
 j - a +3 ring of strength (left hand)
 q - a +3 ring of strength (right hand)
Wands
 m - a wand of acid (10)
Scrolls
 i - 5 scrolls of blinking
 l - 4 scrolls of remove curse
 p - 4 scrolls of fear
 t - 2 scrolls of enchant armour
 u - 2 scrolls of identify
 M - 3 scrolls of fog
Potions
 d - 8 potions of curing
 e - 5 potions of heal wounds
 f - 3 potions of haste
 g - 4 potions of magic
 h - 3 potions of berserk rage
 k - a potion of invisibility
 n - a potion of might
 K - 2 potions of resistance
 L - a potion of brilliance
 R - a potion of agility
Miscellaneous
 F - a lightning rod (3/4)
 G - a lamp of fire (inert)
Comestibles
 z - 9 rations


   Skills:
 + Level 23.3 Fighting
 + Level 21.9 Long Blades
   Level 0.7 Polearms
 * Level 20.1 Throwing
 + Level 20.6 Armour
 + Level 7.8 Dodging
 + Level 3.7 Stealth
 + Level 0.9 Unarmed Combat
 - Level 0.7 Spellcasting
 + Level 17.5 Evocations


You had 16 spell levels left.
You didn't know any spells.

Dungeon Overview and Level Annotations

Branches:
Dungeon (1/1)

Altars:
Cheibriados
Dithmenos
Elyvilon
Fedhas
Gozag
Hepliaklqana
Kikubaaqudgha
Makhleb
Nemelex Xobeh
Okawaru
Qazlal
Ru
Sif Muna
Trog
Uskayaw
Vehumet
Wu Jian
Xom
Yredelemnul
Zin
The Shining One
Beogh
Jiyva
Lugonu

Shops:
D }*[[

Annotations:
D Margery


Innate Abilities, Weirdness & Mutations

Shadows flee at your approach. (+LOS)
You can swim through water.
You cover ground slowly.
You can hop long distances.


Message History

Margery is severely wounded.
The hell knight hits you but does no damage.
Evoke which item? (* to show all) (? for menu, Esc to quit)
Aiming: Thunderbolt
Press: ? - help, Shift-Dir - straight line, f - Margery
Aim: Margery, wielding an enchanted demon whip and wearing shiny acid dragon scales (severely wounded, poisoned)
The thunderbolt hits Margery.
Margery is severely wounded.
You hear a shout!
The hell knight hits you but does no damage.
The hell knight barely misses you.
You slice Margery!!
Margery looks as sick as possible!
Margery is almost dead.
Margery barely misses you.
The hell knight hits you but does no damage.
The hell knight misses you.
Unknown command.
Margery points at you and mumbles some strange words.
The fireball explodes!
The fireball engulfs you!
You die...

▓............'.).÷))
▓.▓▓▓▓▓▓▓▓▓▓▓▓▓▓▓▓▓▓
▓...................
▓▓▓▓▓▓▓▓▓▓▓▓▓▓▓▓▓▓▓▓
▓.........'.....).).
▓.▓▓▓▓▓▓▓▓▓▓▓▓▓▓▓▓▓▓
▓...................
▓▓▓▓▓▓▓▓▓▓▓▓▓▓▓▓▓▓▓▓
▓@.@.......'...)....
▓p▓▓▓▓▓▓▓▓▓▓▓▓▓▓▓▓▓▓


▓p.p@(pppp. ▓▓▓▓▓▓▓▓▓▓▓ You could see Margery and a hell knight.

Vanquished Creatures
  Saint Roka (D)
  Frederick (D)
  A golden dragon (D)
  3 Orb Guardians (D)
  2 thorn hunters (D)
  A nagaraja (D)
  A vault warden (D)
  A fire giant (D)
  An ironheart preserver (D)
  An entropy weaver (D)
  A vampire knight (D)
  Azrael (D)
  A crystal guardian (D)
  2 ettins (D)
  2 merfolk impalers (D)
  A fire dragon (D)
  2 vault guards (D)
  A great orb of eyes (D)
  Erolcha (D)
  2 ice dragons (D)
  Harold (D)
  An anaconda (D)
  2 alligator snapping turtles (D)
  2 two-headed ogres (D)
  A centaur warrior (D)
  A satyr (D)
  3 deep troll earth magi (D)
  2 tengu warriors (D)
  A naga sharpshooter (D)
  Urug (D)
  3 orc high priests (D)
  Sonja (D)
  A hell knight (D)
  2 spriggan druids (D)
  A sea snake (D)
  A swamp dragon (D)
  A deep troll (D)
  2 ironbrand convokers (D)
  2 necromancers (D)
  9 orc knights (D)
  An orb spider (D)
  3 orc sorcerers (D)
  3 ugly things (D)
  An elephant (shapeshifter) (D)
  3 cyclopes (D)
  2 naga magi (D)
  A guardian serpent (shapeshifter) (D)
  A water nymph (D)
  2 guardian serpents (D)
  5 spiny frogs (D)
  A demonic crawler (D)
  A rime drake (D)
  2 yaktaurs (D)
  2 freezing wraiths (D)
  A tengu conjurer (D)
  A merfolk (D)
  A tyrant leech (D)
  A troll (D)
  A hornet (D)
  A hippogriff (D)
  A blink frog (D)
  3 tarantellas (D)
  2 redbacks (D)
  A wraith (D)
  2 fire elementals (D)
  A hungry ghost (D)
  A golden eye (shapeshifter) (D)
  Eustachio (D)
  A vampire mosquito (D)
  A basilisk (D)
  A steam dragon (D)
  A warg (D)
  An acid dragon (D)
  A floating eye (D)
  A naga (D)
  6 hell hounds (D)
  A water moccasin (D)
  3 porcupines (D)
  2 swamp drakes (D)
  An eye of draining (D)
  11 orc warriors (D)
  An ogre (D)
  An ogre (shapeshifter) (D)
  3 centaurs (D)
  4 wolves (D)
  3 crocodiles (D)
  2 bullfrogs (D)
  2 crimson imps (D)
  4 orc priests (D)
  2 hounds (D)
  3 orc wizards (D)
  2 worker ants (D)
  A gnoll (D)
  A dart slug (D)
  10 orcs (D)
  A bat (D)
  A bat skeleton (D)
  A bat zombie (D)
  2 goblins (D)
  A hobgoblin (D)
  A leopard gecko zombie (D)
188 creatures vanquished.

Vanquished Creatures (collateral kills)
  A fire dragon (D)
  2 centaur warriors (D)
  A tengu warrior (D)
  An ironbrand convoker (D)
  A tengu conjurer (D)
  A polar bear (shapeshifter) (D)
7 creatures vanquished.

Vanquished Creatures (others)
  A fire dragon (D)
  2 orcs (D)
3 creatures vanquished.

Grand Total: 198 creatures vanquished

Notes
Turn   | Place    | Note
-------+----------+-------------------------------------------
     0 | D        | Psiloshibe the Barachi Berserker began the quest for the Orb.
     0 | D        | Reached XP level 1. HP: 18/18 MP: 1/1
     7 | D        | Reached skill level 4 in Fighting
     8 | D        | Reached skill level 1 in Throwing
    12 | D        | Reached ** piety under Trog
    20 | D        | Reached XP level 2. HP: 22/26 MP: 2/2
    33 | D        | Noticed a centaur
    33 | D        | Noticed a crimson imp
    38 | D        | Reached skill level 5 in Fighting
    38 | D        | Reached skill level 5 in Long Blades
    40 | D        | HP: 1/27 [hound (1)]
    61 | D        | Killed a crimson imp
    61 | D        | Reached *** piety under Trog
    61 | D        | Reached skill level 6 in Fighting
    61 | D        | Reached XP level 3. HP: 26/35 MP: 3/3
    67 | D        | Reached skill level 7 in Fighting
    67 | D        | Reached XP level 4. HP: 25/43 MP: 4/4
    75 | D        | Killed a centaur
    75 | D        | Reached skill level 8 in Fighting
    75 | D        | Reached XP level 5. HP: 8/51 MP: 5/5
   267 | D        | Found a roughly hewn altar of Beogh.
   267 | D        | Found a snail-covered altar of Cheibriados.
   267 | D        | Found a shadowy altar of Dithmenos.
   267 | D        | Found a white marble altar of Elyvilon.
   267 | D        | Found a blossoming altar of Fedhas.
   267 | D        | Found an opulent altar of Gozag.
   267 | D        | Found a hazy altar of Hepliaklqana.
   268 | D        | Found a viscous altar of Jiyva.
   269 | D        | Found an ancient bone altar of Kikubaaqudgha.
   270 | D        | Found a corrupted altar of Lugonu.
   271 | D        | Found a burning altar of Makhleb.
   272 | D        | Found a sparkling altar of Nemelex Xobeh.
   273 | D        | Found an iron altar of Okawaru.
   274 | D        | Found a stormy altar of Qazlal.
   275 | D        | Found a sacrificial altar of Ru.
   276 | D        | Found a deep blue altar of Sif Muna.
   277 | D        | Found a bloodstained altar of Trog.
   278 | D        | Found a hide-covered altar of Uskayaw.
   279 | D        | Found a radiant altar of Vehumet.
   280 | D        | Found an ornate altar of the Wu Jian Council.
   281 | D        | Found a shimmering altar of Xom.
   282 | D        | Found a basalt altar of Yredelemnul.
   283 | D        | Found a glowing silver altar of Zin.
   284 | D        | Found a glowing golden altar of the Shining One.
   338 | D        | Noticed a hungry ghost
   338 | D        | Noticed a steam dragon
   338 | D        | Noticed an eye of draining
   346 | D        | Killed an eye of draining
   346 | D        | Reached skill level 9 in Fighting
   346 | D        | Reached skill level 5 in Armour
   346 | D        | Reached XP level 6. HP: 60/60 MP: 0/6
   352 | D        | Reached **** piety under Trog
   352 | D        | Reached skill level 10 in Fighting
   360 | D        | Killed a steam dragon
   360 | D        | Reached skill level 10 in Long Blades
   360 | D        | Reached skill level 5 in Throwing
   360 | D        | Reached skill level 1 in Stealth
   364 | D        | Killed a hungry ghost
   364 | D        | Reached skill level 11 in Fighting
   364 | D        | Reached XP level 7. HP: 63/68 MP: 2/7
   376 | D        | Noticed a cyclops
   376 | D        | Noticed a troll
   376 | D        | Noticed a two-headed ogre
   376 | D        | Noticed a centaur warrior
   381 | D        | Killed a centaur warrior
   381 | D        | Reached skill level 12 in Fighting
   381 | D        | Reached skill level 5 in Dodging
   381 | D        | Reached XP level 8. HP: 78/78 MP: 3/8
   384 | D        | Killed a two-headed ogre
   384 | D        | Reached ***** piety under Trog
   384 | D        | Reached skill level 13 in Fighting
   384 | D        | Reached XP level 9. HP: 86/86 MP: 4/9
   386 | D        | Killed a troll
   391 | D        | Killed a cyclops
   391 | D        | Reached skill level 14 in Fighting
   515 | D        | Noticed a spiny frog
   515 | D        | Noticed a spiny frog
   523 | D        | Killed a spiny frog
   528 | D        | Received a gift from Trog
   531 | D        | Noticed a rime drake
   531 | D        | Reached skill level 10 in Armour
   536 | D        | Killed a spiny frog
   536 | D        | Reached skill level 15 in Fighting
   536 | D        | Reached skill level 15 in Long Blades
   536 | D        | Reached XP level 10. HP: 82/96 MP: 10/10
   541 | D        | Received a gift from Trog
   549 | D        | Got a bloodstained great sword {god gift}
   552 | D        | Reached ****** piety under Trog
   572 | D        | Identified the +9 great sword "Leaczaom" {vamp, +Blink Str+7} (Trog gifted it to you in the Dungeon)
   575 | D        | Noticed a spiny frog
   575 | D        | Noticed a spiny frog
   575 | D        | Noticed a spiny frog
   578 | D        | Killed a spiny frog
   580 | D        | Killed a spiny frog
   581 | D        | Killed a spiny frog
   581 | D        | Reached skill level 16 in Fighting
   585 | D        | Received a gift from Trog
   600 | D        | Received a gift from Trog
   635 | D        | Received a gift from Trog
   636 | D        | Received a gift from Trog
   829 | D        | Noticed Urug
   842 | D        | Killed Urug
   842 | D        | Reached skill level 17 in Fighting
   842 | D        | Reached skill level 10 in Throwing
   842 | D        | Reached XP level 11. HP: 54/107 MP: 11/11
  1062 | D        | Noticed Harold
  1075 | D        | Killed Harold
  1075 | D        | Received a gift from Trog
  1075 | D        | Received a gift from Trog
  1120 | D        | Received a gift from Trog
  1125 | D        | Received a gift from Trog
  1177 | D        | Noticed an orc knight
  1177 | D        | Noticed an orc sorcerer
  1183 | D        | Killed an orc sorcerer
  1183 | D        | Received a gift from Trog
  1189 | D        | Received a gift from Trog
  1190 | D        | Noticed an orc knight
  1196 | D        | Killed an orc knight
  1196 | D        | Reached skill level 18 in Fighting
  1197 | D        | Received a gift from Trog
  1209 | D        | Killed an orc knight
  1255 | D        | Found Vanletoepp's Armour Boutique.
  1255 | D        | Noticed an orc knight
  1255 | D        | Noticed an orc knight
  1255 | D        | Noticed an orc knight
  1255 | D        | Noticed an orc knight
  1256 | D        | Found Ixell's Antique Armour Shop.
  1257 | D        | Noticed an orc high priest
  1258 | D        | Killed an orc knight
  1265 | D        | Noticed an orc knight
  1265 | D        | Killed an orc knight
  1270 | D        | Killed an orc knight
  1270 | D        | Received a gift from Trog
  1272 | D        | Killed an orc knight
  1273 | D        | Found Zatteg's General Store.
  1275 | D        | Found Ridejeit's Gadget Shop.
  1275 | D        | Noticed an orc high priest
  1276 | D        | Noticed an orc high priest
  1280 | D        | Noticed an orc sorcerer
  1282 | D        | Killed an orc high priest
  1284 | D        | Noticed a sixfirhy
  1288 | D        | Killed an orc knight
  1288 | D        | Reached skill level 19 in Fighting
  1292 | D        | Noticed an orc sorcerer
  1301 | D        | Killed an orc high priest
  1301 | D        | Reached XP level 12. HP: 49/119 MP: 12/12
  1305 | D        | Killed an orc high priest
  1309 | D        | Received a gift from Trog
  1343 | D        | Got a steaming double sword {god gift}
  1355 | D        | Bought a lightning rod (4/4) for 520 gold pieces
  1355 | D        | Bought a lamp of fire for 520 gold pieces
  1413 | D        | Noticed Erolcha
  1415 | D        | Killed Erolcha
  1499 | D        | Got the +10 glaive of Doidenij {elec, *Slow +Inv SInv}
  1505 | D        | Got the +10 plate armour of Reason {Dex+2}
  1548 | D        | Noticed a vampire knight
  1548 | D        | Noticed a two-headed ogre
  1548 | D        | Noticed a tengu warrior
  1549 | D        | Received a gift from Trog
  1553 | D        | Noticed a tengu warrior
  1565 | D        | Killed a tengu warrior
  1567 | D        | Killed a two-headed ogre
  1567 | D        | Reached skill level 20 in Fighting
  1571 | D        | Noticed a fire dragon
  1574 | D        | Received a gift from Trog
  1575 | D        | Killed a tengu warrior
  1576 | D        | Killed a vampire knight
  1576 | D        | Reached skill level 1 in Evocations
  1577 | D        | Received a gift from Trog
  1584 | D        | Killed a fire dragon
  1587 | D        | Received a gift from Trog
  1587 | D        | Reached skill level 15 in Armour
  1593 | D        | Noticed an ettin
  1601 | D        | Noticed a fire dragon
  1605 | D        | Killed an ettin
  1611 | D        | Killed a fire dragon
  1943 | D        | Received a gift from Trog
  1949 | D        | Received a gift from Trog
  1950 | D        | Noticed Saint Roka
  1967 | D        | Noticed Eustachio
  1970 | D        | Killed Eustachio
  1970 | D        | HP: 4/122 [Saint Roka/bolt (10)]
  1972 | D        | Killed Saint Roka
  1972 | D        | Received a gift from Trog
  1972 | D        | Reached skill level 21 in Fighting
  1972 | D        | Reached skill level 5 in Evocations
  1972 | D        | Gained mutation: You can hop long distances. [Barachi growth]
  1972 | D        | Reached XP level 13. HP: 29/130 MP: 14/17
  2241 | D        | Noticed Sonja
  2244 | D        | Killed Sonja
  3253 | D        | Noticed a thorn hunter
  3253 | D        | Noticed a thorn hunter
  3257 | D        | Killed a thorn hunter
  3258 | D        | Received a gift from Trog
  3259 | D        | Killed a thorn hunter
  3299 | D        | Noticed a nagaraja
  3299 | D        | Received a gift from Trog
  3300 | D        | Killed a nagaraja
  3306 | D        | Received a gift from Trog
  3306 | D        | Reached skill level 15 in Throwing
  3306 | D        | Received a gift from Trog
  3342 | D        | Noticed an entropy weaver
  3345 | D        | Killed an entropy weaver
  3346 | D        | Received a gift from Trog
  3353 | D        | Reached skill level 10 in Evocations
  3360 | D        | Got a warped great sword {god gift}
  3375 | D        | Noticed a merfolk impaler
  3376 | D        | Noticed a merfolk impaler
  3378 | D        | Received a gift from Trog
  3379 | D        | Killed a merfolk impaler
  3379 | D        | Reached skill level 22 in Fighting
  3379 | D        | Reached XP level 14. HP: 82/140 MP: 21/21
  3385 | D        | Received a gift from Trog
  3389 | D        | Got an ivory demon blade {god gift}
  3426 | D        | Identified the +6 double sword of Reinforcement {speed, rElec Str+2 Dex+4} (Trog gifted it to you in the Dungeon)
  3427 | D        | Identified the +11 great sword "Quhonn" {venom, +Rage rElec Dex+5} (Trog gifted it to you in the Dungeon)
  3428 | D        | Identified the +8 demon blade "Seonugol" {chaos, Str+2} (Trog gifted it to you in the Dungeon)
  3583 | D        | Noticed Azrael
  3596 | D        | Killed Azrael
  3649 | D        | Received a gift from Trog
  3652 | D        | Noticed a fire giant
  3657 | D        | Noticed a golden dragon
  3657 | D        | Received a gift from Trog
  3662 | D        | Killed a fire giant
  3677 | D        | Killed a golden dragon
  3721 | D        | Received a gift from Trog
  3955 | D        | Noticed a vault warden
  3959 | D        | Received a gift from Trog
  3961 | D        | Received a gift from Trog
  3970 | D        | Received a gift from Trog
  3970 | D        | Reached skill level 15 in Evocations
  3972 | D        | Killed a vault warden
  3972 | D        | Received a gift from Trog
  3977 | D        | Got a slimy great sword {god gift}
  4021 | D        | Noticed an ironheart preserver
  4027 | D        | Killed an ironheart preserver
  4027 | D        | Received a gift from Trog
  4032 | D        | Received a gift from Trog
  4036 | D        | Noticed an Orb Guardian
  4036 | D        | Noticed an Orb Guardian
  4036 | D        | Noticed an Orb Guardian
  4039 | D        | Killed an Orb Guardian
  4039 | D        | Reached XP level 15. HP: 132/148 MP: 25/27
  4041 | D        | Killed an Orb Guardian
  4041 | D        | Reached skill level 23 in Fighting
  4041 | D        | Received a gift from Trog
  4042 | D        | Killed an Orb Guardian
  4109 | D        | Received a gift from Trog
  4214 | D        | Noticed Frederick
  4223 | D        | Killed Frederick
  4369 | D        | Reached XP level 16. HP: 155/157 MP: 28/28
  4414 | D        | Identified the +7 great sword of Tortfeasance {drain, *Rage rC+ rN+} (Trog gifted it to you in the Dungeon)
  4433 | D        | Noticed Margery
  4454 | D        | Killed from afar by Margery

Skill      XL: |  1  2  3  4  5  6  7  8  9 10 11 12 13 14 15 |
---------------+----------------------------------------------+-----
Fighting       | 4 6 7 8 9 11 12 13 15 17 19 21 22 23 | 23.3
Long Blades    | 4 5 6 7 8 10 12 13 15 16 18 20 21 | 21.9
Throwing       | 1 2 3 4 5 6 7 8 10 11 13 15 18 20 | 20.1
Armour         | 3 4 5 6 8 10 11 13 15 18 20 | 20.6
Dodging        | 3 4 5 6 7 |  7.8
Stealth        | 1 2 3 |  3.7
Evocations     | 5 10 16 17 | 17.5
Polearms       | |  0.7
Unarmed Combat | |  0.9
Spellcasting   | |  0.7

Action                   |  1- 3 |  4- 6 |  7- 9 | 10-12 | 13-15 | 16-18 || total
-------------------------+-------+-------+-------+-------+-------+-------++-------
Melee: Falchion          |    32 |     6 |       |       |       |       ||    38
       Scimitar          |       |    24 |    32 |    11 |       |       ||    67
       Great sword       |       |       |       |   164 |    15 |     8 ||   187
       Double sword      |       |       |       |       |    43 |       ||    43
Throw: Javelin           |       |       |     2 |    27 |    58 |     4 ||    91
       Tomahawk          |       |       |       |     5 |       |       ||     5
       Throwing net      |       |       |       |       |     1 |       ||     1
Invok: Trog's Hand       |     1 |     1 |     2 |     2 |     7 |     1 ||    14
       Berserk           |       |       |     1 |       |     2 |       ||     3
       Brothers in Arms  |       |       |       |     2 |     3 |       ||     5
 Abil: Hop               |     1 |       |       |       |       |       ||     1
Evoke: Lightning rod     |       |       |       |     7 |    25 |     2 ||    34
       Lamp of fire      |       |       |       |     2 |    10 |     1 ||    13
  Use: Potion            |       |       |       |     3 |     4 |       ||     7
       Scroll            |       |       |       |       |     1 |     2 ||     3
  Eat: Chunk             |       |       |     3 |     4 |    11 |     1 ||    19
       Ration            |       |       |       |     2 |     1 |       ||     3
Armor: Animal skin       |     6 |     1 |       |       |       |       ||     7
       Chain mail        |       |    10 |    10 |    41 |       |       ||    61
       Plate armour      |       |       |       |    15 |    32 |     7 ||    54
Dodge: Dodged            |    20 |    20 |    13 |    85 |    42 |     7 ||   187
Block: Other             |       |       |     3 |    20 |     4 |       ||    27
       Reflection        |       |       |       |     1 |       |       ||     1
       Rpst.: Falchion   |     5 |     4 |       |       |       |       ||     9
       Scimitar          |       |     3 |     3 |     1 |       |       ||     7
       Great sword       |       |       |       |    17 |     4 |     2 ||    23
       Double sword      |       |       |       |       |     5 |       ||     5
